 Dungeon Crawl Stone Soup version 0.28.0 (webtiles) character file.

Game seed: 16869559098795331000

513 Jerry the Chucker (level 7, 0/67 HPs)
             Began as a Troll Hunter on Feb 10, 2022.
             Slain by an orc warrior (14 damage)
             ... on level 4 of the Dungeon.
             The game lasted 00:13:26 (2740 turns).

Jerry the Chucker (Troll Hunter)                    Turns: 2740, Time: 00:13:27

Health: 0/67       AC:  8    Str: 23    XL:     7   Next: 0%
Magic:  6/6        EV: 10    Int:  7    God:
Gold:   225        SH:  0    Dex: 10    Spells: 6/6 levels left

rFire   + . .      SeeInvis .   o - +0 whip
rCold   + . .      Faith    .   (no shield)
rNeg    . . .      Spirit   .   b - +0 robe
rPois   .          Reflect  .   (helmet restricted)
rElec   .          Harm     .   q - scarf {rC+ rF+}
rCorr   .          Rampage  .   (gloves unavailable)
Will    .....                   (boots unavailable)
Stlth   +.........              k - amulet of regeneration
HPRegen 1.81/turn               e - +4 ring of protection
MPRegen 0.10/turn               (no ring)

@: no status effects
A: large, unfitting armour, claws 3, regeneration 1, shaggy fur 1, tough skin 1
a: no special abilities


You were on level 4 of the Dungeon.
You visited 1 branch of the dungeon, and saw 4 of its levels.

You collected 225 gold pieces.

Inventory:

Hand Weapons
 o - a +0 whip (weapon)
Missiles
 c - 5 large rocks
 d - 2 throwing nets
 i - 6 atropa-tipped darts
 n - 3 javelins (quivered)
Armour
 b - a +0 robe (worn)
 q - a scarf of resistance (worn)
Jewellery
 e - a +4 ring of protection (left claw)
 k - an amulet of regeneration (around neck)
Scrolls
 f - 3 scrolls of teleportation {unknown}
 j - a scroll of magic mapping {unknown}
 l - 4 scrolls of identify {unknown}
 p - a scroll of torment {unknown}
 r - 2 scrolls of vulnerability {unknown}
 s - a scroll of fog {unknown}
Potions
 a - 3 potions of magic {unknown}
 g - a potion of might {unknown}
 h - a potion of heal wounds {unknown}
 m - a potion of degeneration {unknown}


   Skills:
 + Level 3.3 Fighting
 + Level 2.7 Maces & Flails
 + Level 5.0 Throwing
 + Level 3.3 Dodging
 - Level 0.7 Stealth


You had 6 spell levels left.
You didn't know any spells.
Your spell library contained the following spells:

 Spells                   Type           Power      Damage    Failure   Level
 Beastly Appendage        Tmut           0%         N/A       43%         1
 Shock                    Conj/Air       0%         1d3       43%         1
 Wereblood                Tmut           0%         N/A       56%         2
 Spider Form              Tmut/Pois      0%         N/A       80%         3
 Swiftness                Air            0%         N/A       80%         3
 Airstrike                Air            0%         N/A       99%         4


Dungeon Overview and Level Annotations

Branches:
Dungeon (4/15)
 Temple: D:4-7

Altars:
Elyvilon
Zin
Beogh

Annotations:
D:3 2 runed translucent doors, mn3067's ghost, amateur GrFi
D:4 Kold's ghost, amateur GrEE


Innate Abilities, Weirdness & Mutations

You are too large for most types of armour.
You have claws for hands.
Your natural rate of healing is unusually fast.
You are covered in fur. (AC +1)
You have tough skin. (AC +1)


Message History

You hit the orc warrior but do no damage.
The orc warrior is severely wounded.
The orc warrior hits you with a +0 flail!
You barely miss the orc warrior.
The orc warrior is severely wounded.
The orc warrior hits you with a +0 flail.
You barely miss the orc warrior.
The orc warrior is severely wounded.
The orc warrior hits you with a +0 flail.
You hit the orc warrior but do no damage.
The orc warrior is severely wounded.
The orc warrior hits you with a +0 flail!!
You hit the orc warrior but do no damage.
The orc warrior is severely wounded.
The orc warrior closely misses you.
You closely miss the orc warrior.
The orc warrior is severely wounded.
The orc warrior hits you with a +0 flail!
You barely miss the orc warrior.
The orc warrior is severely wounded.
The orc warrior hits you but does no damage.
You hit the orc warrior.
The orc warrior is almost dead.
The orc warrior hits you with a +0 flail!
You are too injured to fight recklessly!
You are too injured to fight recklessly!
You are too injured to fight recklessly!
You are too injured to fight recklessly!
You hit the orc warrior but do no damage.
The orc warrior is almost dead.
The orc warrior hits you with a +0 flail!
You closely miss the orc warrior.
The orc warrior is almost dead.
The orc warrior hits you with a +0 flail!
* * * LOW HITPOINT WARNING * * *
Okay, then.
You hit the orc warrior but do no damage.
The orc warrior is almost dead.
The orc warrior hits you with a +0 flail!
You die...

..# #..#)..####.#.###...#..(..##
..####..#....(##(#.###.....#...##
o............................(...
..#............................##
..##....####..............>#...#
.....##.# ####.).###......#...#
..##....# #...# #......#...#
.....#### #.o.# #......#####
..#### #.@.# #......# 8.# #####
#........ ..# ##.....### #######


You could see an orc warrior.

Vanquished Creatures
  A sky beast (D:4)
  A necrophage (D:4)
  A centaur zombie (D:4)
  A hound (D:4)
  An orc priest (D:4)
  A jelly (D:3)
  An orc wizard (D:4)
  An iguana (D:3)
  3 adders
  2 ufetubi (D:4)
  3 worms
  4 dart slugs
  13 orcs
  7 bats
  4 endoplasms
  4 giant cockroaches
  5 goblins
  5 hobgoblins
  2 quokkas
  12 ball pythons
  4 frilled lizards
  17 kobolds
  7 rats
100 creatures vanquished.

Notes
Turn   | Place    | Note
-------+----------+-------------------------------------------
     0 | D:1      | Jerry the Troll Hunter began the quest for the Orb.
     0 | D:1      | Reached XP level 1. HP: 19/19 MP: 0/0
    51 | D:1      | Found a faded altar of an unknown god.
   165 | D:1      | Reached XP level 2. HP: 28/28 MP: 1/1
   693 | D:1      | Reached XP level 3. HP: 34/35 MP: 2/2
  1199 | D:3      | Reached skill level 4 in Throwing
  1272 | D:3      | Reached XP level 4. HP: 34/42 MP: 3/3
  1394 | D:3      | Found a runed translucent door.
  1397 | D:3      | Noticed mn3067's ghost (amateur GrFi)
  1397 | D:3      | Noticed a bullfrog
  1665 | D:3      | Found a runed translucent door.
  1761 | D:4      | Noticed a sky beast
  1803 | D:4      | Found a white marble altar of Elyvilon.
  1818 | D:4      | Reached skill level 1 in Maces & Flails
  1903 | D:4      | Killed a sky beast
  1904 | D:4      | Reached XP level 5. HP: 52/52 MP: 4/4
  1954 | D:4      | Noticed a necrophage
  1978 | D:4      | Killed a necrophage
  1979 | D:4      | Reached XP level 6. HP: 52/61 MP: 5/5
  2529 | D:4      | Found a glowing silver altar of Zin.
  2587 | D:4      | Found a runed translucent gate.
  2587 | D:4      | Found a runed translucent gate.
  2588 | D:4      | Found a runed translucent gate.
  2591 | D:4      | Noticed Kold's ghost (amateur GrEE)
  2592 | D:4      | Noticed an orc warrior
  2592 | D:4      | Identified the +0 scale mail of the Gastropod {rPois Str+4}
  2712 | D:4      | Reached skill level 5 in Throwing
  2712 | D:4      | Reached XP level 7. HP: 67/67 MP: 6/6
  2740 | D:4      | Slain by an orc warrior

Illustrated notes

Levels and vault maps discovered:
D:1:      ebering_trefoil_twist, layout_basic,
          shapermc_ecumenical_altar_notcrosses
D:2:      layout_rooms
D:3:      layout_rooms, ebering_ghost_sewer_f
D:4:      layout_rooms, elyvilon_altar_3, mainiacjoe_overflow_alcove_1,
          biasface_ghost_orc_armoury, interstate_on_off, st_stairs_2,
          minmay_misc_feat_x, minmay_goblin_kobold_house

Skill      XL: |  1  2  3  4  5  6 |
---------------+-------------------+-----
Dodging        | 2 3 |  3.3
Fighting       | 2 3 |  3.3
Throwing       | 4 5 |  5.0
Maces & Flails | 1 2 |  2.7
Stealth        | |  0.7

Action                   |  1- 3 |  4- 6 |  7- 9 || total
-------------------------+-------+-------+-------++-------
Melee: Short sword       |   157 |       |       ||   157
       Whip              |     7 |   321 |    16 ||   344
       Punch             |     1 |     3 |       ||     4
Throw: Javelin           |     5 |    22 |     2 ||    29
 Stab: Sleeping          |     2 |     1 |       ||     3
Armor: Robe              |    91 |   204 |     2 ||   297
Dodge: Dodged            |   138 |   180 |     4 ||   322
